 Dungeon Crawl Stone Soup version 0.31.0-11-ge490571c62 (webtiles) character file.

Game seed: 17764040432537213769

1705 qw the Skirmisher (level 8, -2/38 (40) HPs)
             Began as a Spriggan Hunter on Feb 4, 2024.
             Slain by a wight
             ... wielding a +5 battleaxe
              (11 damage)
             ... on level 6 of the Dungeon.
             The game lasted 00:00:26 (4463 turns).

qw the Skirmisher (Spriggan Hunter)                 Turns: 4463, Time: 00:00:27

HP:   -2/38 (40)    AC:  9    Str: 13    XL:     8   Next: 73%
MP:   9/9           EV: 25    Int: 10    God:
Gold: 293           SH:  0    Dex: 21    Spells: 7/7 levels left

rFire   + . .        a - +2 shortbow (drain)
rCold   . . .        (shield currently unavailable)
rNeg    . . .        c - +0 robe
rPois   .            (helmet restricted)
rElec   .            b - +2 cloak
rCorr   .            (gloves unavailable)
SInv    +            (boots unavailable)
Will    ++...        f - amulet of regeneration
Stlth   ++           l - +6 ring of strength
HPRegen 1.06/turn    k - +4 ring of protection
MPRegen 0.11/turn

%: no passive effects
@: about to teleport, hasted, drained, very quick
A: very small, no large weapons, unfitting armour, see invisible, speed 3, fire
resistance 1, strong-willed 1
a: no special abilities


You were on level 6 of the Dungeon.
You visited 2 branches of the dungeon, and saw 7 of its levels.
You also visited: Sewer.

You collected 293 gold pieces.


Innate Abilities, Weirdness & Mutations

You are very small and have problems with some larger weapons.
You are too small for most types of armour.
You have supernaturally acute eyesight. (SInv)
You cover ground extremely quickly. (Speed+++)
Your flesh is heat resistant. (rF+)
You are strong-willed. (Will+)


   Skills:
 - Level 3.1 Fighting
 + Level 9.4 Ranged Weapons
 - Level 9.1 Dodging
 - Level 1.5 Stealth


You had 7 spell levels left.
You didn't know any spells.
Your spell library was empty.

Inventory:

Hand Weapons
 a - a +2 shortbow of draining (weapon)
Armour
 b - a +2 cloak (worn)
 c - a +0 robe (worn)
Jewellery
 f - an amulet of regeneration (around neck)
 k - a +4 ring of protection (right hand)
 l - a +6 ring of strength (left hand)
 q - a +6 ring of intelligence
Wands
 h - a wand of flame (11)
Scrolls
 m - 5 scrolls of teleportation
 s - a scroll of identify
Potions
 d - 4 potions of heal wounds
 e - a potion of might
 g - 2 potions of mutation
 i - 2 potions of enlightenment {unknown}
 j - a potion of attraction {unknown}
 n - a potion of resistance {unknown}
 o - 2 potions of curing {unknown}
 p - a potion of haste
 r - a potion of cancellation {unknown}

Dungeon Overview and Level Annotations

Branches:
Dungeon (6/15)             Temple (1/1) D:5           Sewer (visited)

Altars:
Ashenzari
Dithmenos
Fedhas
Gozag
Kikubaaqudgha
Makhleb
Nemelex Xobeh
Qazlal
Trog
Uskayaw
Vehumet
Wu Jian
Yredelemnul


Message History

You destroy the wight!
The wight misses you.
Your life force feels restored.
You shoot an arrow. The arrow barely misses the wight.
The wight hits you with a +0 flail!
You shoot an arrow.
The arrow hits the wight but does no damage.
The wight is moderately damaged.
The wight hits you with a +1 scimitar of freezing.
You feel drained. The wight freezes you. The wight closely misses you.
The wight completely misses you.
You shoot an arrow.
The arrow hits the wight but does no damage.
The wight is moderately damaged.
You shoot an arrow. The arrow hits the wight.
The wight is severely damaged.
The wight closely misses you. The wight completely misses you.
The wight hits you but does no damage.
You shoot an arrow. The arrow hits the wight.
The wight is almost destroyed.
The wight closely misses you.
You shoot an arrow.
The arrow hits the wight but does no damage.
The wight is almost destroyed.
The wight misses you. x2
You shoot an arrow. The arrow closely misses the wight.
The wight hits you with a +1 scimitar of freezing.
You feel drained. The wight freezes you. The wight barely misses you.
The wight closely misses you.
You shoot an arrow. The arrow hits the wight!
You destroy the wight!
The wight completely misses you.
You shoot an arrow.
The arrow hits the wight but does no damage.
The wight hits you with a +0 war axe.
4463 ||| READING 6 scrolls of teleportation.
As you read the scroll of teleportation, it crumbles to dust.
You feel strangely unstable. The wight closely misses you.
The wight hits you with a +5 battleaxe!
You die...

###'#...........
....#...........
....#...........
....#........... .#
.####........... .######
.#....##'##+#######......#
.#....#..'........+......#
.#....#..#........#......+
##....#####..###@##......
.........#####.zzz%..#
.........# #.......#
.........# #.......#
.........# #.......#
.........# #.......#####
#.......## ###'##...#..##
#.......# ....#.?.....#
#.......# .z....#.......#


You could see 3 wights.

Vanquished Creatures
  Grinder (D:3)
  Edmund (D:5)
  2 water moccasins
  6 kobold brigands (Sewer)
  A scorpion (D:5)
  5 wights (D:6)
  A howler monkey (D:3)
  2 hounds
  2 orc priests
  A gnoll bouda (D:5)
  An orc wizard (D:3)
  A sleepcap (D:5)
  Robin (D:3)
  3 gnolls (D:5)
  4 adders
  A shadow imp (D:6)
  4 dart slugs
  6 ribbon worms
  6 orcs
  12 ball pythons
  7 bats
  10 endoplasms
  2 giant cockroaches
  12 goblins
  11 hobgoblins
  9 jackals
  9 quokkas
  8 frilled lizards
  15 kobolds
  10 rats
154 creatures vanquished.

Notes
Turn   | Place    | Note
-------+----------+-------------------------------------------
     0 | D:1      | qw the Spriggan Hunter began the quest for the Orb.
     0 | D:1      | Reached XP level 1. HP: 10/10 MP: 2/2
     0 | D:1      | 0 ||| qw: Version: 0.3-a-160-g6735b56
     0 | D:1      | 0 ||| qw: Game counter: 5496
     0 | D:1      | 0 ||| qw: Melee chars always use a shield: true
     0 | D:1      | 0 ||| qw: God list: Okawaru
     0 | D:1      | 0 ||| qw: Allow faded altars: false
     0 | D:1      | 0 ||| qw: Do Orc after clearing Dungeon:15 true
     0 | D:1      | 0 ||| qw: Do second Lair branch before Depths: true
     0 | D:1      | 0 ||| qw: Lair rune preference: random
     0 | D:1      | 0 ||| qw: Goals: Normal
     0 | D:1      | 0 ||| PLANNING D:1-11
    20 | D:1      | Reached skill level 3 in Dodging
    78 | D:1      | Reached XP level 2. HP: 14/14 MP: 3/3
   479 | D:1      | Reached XP level 3. HP: 18/18 MP: 4/4
   674 | D:1      | 674 ||| UPGRADING to amulet of regeneration.
   679 | D:1      | 679 ||| UPGRADING to ring of resist corrosion.
   680 | D:1      | 680 ||| UPGRADING to +4 ring of protection.
   681 | D:1      | 681 ||| READING scroll labelled QOPEOZ EKKUAJ.
   684 | D:1      | 684 ||| READING 2 scrolls labelled XUSYFY POUKAG.
   685 | D:1      | 685 ||| READING scroll labelled YNNOGYSKIB.
   685 | D:1      | 685 ||| IDENTIFYING bubbling coppery potion
   686 | D:1      | 686 ||| READING scroll labelled MOENWE PUYPSOT.
   686 | D:1      | 686 ||| BRANDING +0 shortbow.
   687 | D:1      | 687 ||| READING scroll labelled NOS TAORGHAGYCK.
   688 | D:1      | 688 ||| DROPPING scroll of butterflies.
   689 | D:1      | 689 ||| DROPPING potion of brilliance.
   690 | D:1      | 690 ||| DROPPING scroll of revelation.
   748 | D:2      | Found a radiant altar of Vehumet.
  1171 | D:2      | Reached XP level 4. HP: 22/22 MP: 5/5
  1518 | D:2      | 1518 ||| READING scroll labelled GOBLATERGHY.
  1519 | D:2      | 1519 ||| READING scroll labelled JACEDUPSEG.
  1519 | D:2      | 1519 ||| ENCHANTING +0 shortbow of flaming.
  1520 | D:2      | 1520 ||| READING scroll labelled ANKEOF XOJI.
  1521 | D:2      | 1521 ||| DRINKING 2 pink potions.
  1522 | D:2      | 1522 ||| DRINKING 3 yellow potions.
  1606 | D:3      | Found a shadowy altar of Dithmenos.
  1614 | D:3      | Noticed a water moccasin
  1615 | D:3      | 1615 ||| DRINKING 2 potions of haste.
  1628 | D:3      | Killed a water moccasin
  1629 | D:3      | Reached skill level 6 in Dodging
  1629 | D:3      | Reached XP level 5. HP: 22/25 MP: 6/6
  1796 | D:3      | Noticed Grinder
  1797 | D:3      | 1797 ||| DRINKING potion of haste.
  1817 | D:3      | Killed Grinder
  1818 | D:3      | Reached skill level 6 in Ranged Weapons
  1818 | D:3      | Reached XP level 6. HP: 22/30 MP: 7/7
  2302 | D:3      | 2302 ||| READING 2 scrolls labelled ZATHIO KOTICK.
  2303 | D:3      | 2303 ||| READING scroll labelled ASEENU HUSEAP.
  2303 | D:3      | 2303 ||| ENCHANTING +1 shortbow of flaming.
  2304 | D:3      | 2304 ||| DROPPING scroll of summoning.
  2339 | D:4      | 2339 ||| PLANNING SEWER
  2341 | D:4      | Noticed Robin
  2344 | D:4      | 2344 ||| STAIRDANCE
  2348 | D:3      | Killed Robin
  2377 | D:4      | Reached XP level 7. HP: 35/35 MP: 8/8
  2648 | D:4      | 2648 ||| UPGRADING to +6 ring of strength.
  2650 | D:4      | 2650 ||| DROPPING ring of resist corrosion.
  2651 | D:4      | 2651 ||| READING scroll of identify.
  2651 | D:4      | 2651 ||| IDENTIFYING smoky black potion
  2652 | D:4      | 2652 ||| READING scroll labelled DARAUCL KETIAFRAUM.
  2809 | D:4      | Found an ornate altar of the Wu Jian Council.
  2859 | D:4      | 2859 ||| READING scroll of enchant weapon.
  2859 | D:4      | 2859 ||| ENCHANTING +1 shortbow of flaming.
  2978 | D:4      | Found a glowing drain.
  2979 | D:4      | 2979 ||| UPGRADING to +0 cloak.
  2984 | D:4      | 2984 ||| READING scroll labelled KIMOSI ZUDE.
  3000 | D:4      | 3000 ||| DRINKING 2 grey potions.
  3000 | D:4      | Gained mutation: You are strong-willed. (Will+) [potion of
                  | mutation]
  3000 | D:4      | Gained mutation: Your flesh is heat resistant. (rF+)
                  | [potion of mutation]
  3026 | Sewer    | Entered a sewer
  3061 | Sewer    | 3061 ||| READING scroll of brand weapon.
  3061 | Sewer    | 3061 ||| BRANDING +2 shortbow of flaming.
  3272 | Sewer    | Reached XP level 8. HP: 34/39 MP: 9/9
  3301 | Sewer    | 3301 ||| READING scroll labelled ITUUNOSHESU.
  3402 | Sewer    | 3402 ||| DRINKING 3 black potions.
  3403 | Sewer    | 3403 ||| DROPPING 2 potions of invisibility.
  3418 | D:4      | 3418 ||| PLANNING D:1-11
  3669 | D:5      | Entered Level 5 of the Dungeon
  3732 | D:5      | Found a staircase to the Ecumenical Temple.
  3733 | D:5      | 3733 ||| PLANNING TEMPLE
  3735 | D:5      | 3735 ||| FLEEEEING.
  3736 | D:5      | 3736 ||| FLEEEEING.
  3739 | D:5      | 3739 ||| FLEEEEING.
  3740 | D:5      | 3740 ||| FLEEEEING.
  3741 | D:5      | 3741 ||| FLEEEEING.
  3747 | D:5      | Reached skill level 3 in Fighting
  3790 | Temple   | Entered the Ecumenical Temple
  3791 | Temple   | 3791 ||| PLANNING D:1-11
  3936 | D:5      | Noticed Edmund
  3947 | D:5      | Killed Edmund
  3948 | D:5      | Reached skill level 9 in Ranged Weapons
  4002 | D:5      | 4002 ||| READING 2 scrolls of enchant armour.
  4002 | D:5      | 4002 ||| ENCHANTING +0 cloak.
  4003 | D:5      | 4003 ||| READING scroll of enchant armour.
  4003 | D:5      | 4003 ||| ENCHANTING +1 cloak.
  4180 | D:5      | 4180 ||| DRINKING 2 emerald potions.
  4181 | D:5      | 4181 ||| DROPPING potion of magic.
  4262 | D:6      | Reached skill level 9 in Dodging
  4442 | D:6      | 4442 ||| RETREEEEATING.
  4446 | D:6      | 4446 ||| RETREEEEATING.
  4447 | D:6      | 4447 ||| RETREEEEATING.
  4448 | D:6      | 4448 ||| FLEEEEING.
  4449 | D:6      | 4449 ||| RETREEEEATING.
  4450 | D:6      | 4450 ||| DRINKING 2 potions of haste.
  4462 | D:6      | HP: 8/38 [wight/+0 war axe (4)]
  4463 | D:6      | 4463 ||| READING 6 scrolls of teleportation.
  4463 | D:6      | Slain by a wight

Levels and vault maps discovered:
D:1:      dpeg_arrival_tiny_c, layout_basic, minmay_split_cup_large
D:2:      layout_basic, basic_altar
D:3:      layout_basic, grunt_dithmenos_smoke_and_mirrors, uniq_grinder
D:4:      layout_basic, pdpol_wu_jian_five_deadly_venoms,
          cheibrodos_sewer_entry_bend, uniq_robin
D:5:      layout_rooms, minmay_temple_entry_proselytizer, uniq_edmund
D:6:      layout_gridville, minmay_chambers_of_fives
Temple:   hellmonk_temple_beads

Skill      XL: |  1  2  3  4  5  6  7  8 |
---------------+-------------------------+-----
Dodging        | 3 4 6 8 9 |  9.1
Ranged Weapons | 5 6 8 9 |  9.4
Fighting       | 2 3 |  3.1
Stealth        | |  1.5

Action                     |  1- 3 |  4- 6 |  7- 9 || total
---------------------------+-------+-------+-------++-------
   Fire: Shortbow          |   121 |   127 |   245 ||   493
    Use: Scroll            |     5 |     5 |     9 ||    19
         Potion            |       |     4 |     4 ||     8
 Armour: Robe              |     1 |    13 |    43 ||    57
  Dodge: Dodged            |    35 |    56 |   157 ||   248

Table legend:
 A = Non-vault XP
 B = Vault XP
 C = Vault XP percentage of total XP
 D = Non-vault monster count
 E = Vault monster count
 F = Vault count percentage of total count
                 A         B        C        D         E       F
            +---------+---------+-------+---------+---------+-------
      Total |    1318 |    1119 |  45.9 |     109 |      45 |  29.2
            +---------+---------+-------+---------+---------+-------
        D:1 |      48 |       6 |  11.1 |      30 |       4 |  11.8
        D:2 |      61 |       0 |   0.0 |      26 |       0 |   0.0
        D:3 |     334 |     269 |  44.6 |      18 |       2 |  10.0
        D:4 |      95 |      32 |  25.2 |      19 |      13 |  40.6
        D:5 |     360 |     205 |  36.3 |       9 |       2 |  18.2
        D:6 |     420 |       0 |   0.0 |       7 |       0 |   0.0
      Sewer |       0 |     607 | 100.0 |       0 |      24 | 100.0
            +---------+---------+-------+---------+---------+-------
